 Dungeon Crawl Stone Soup version 0.29.1-1-gd02db6906a (webtiles) character file.

Game seed: 813423836219605199

2 Homeless the Trooper (level 1, 0/18 HPs)
             Began as a Mummy Monk on Oct 18, 2022.
             Slain by a goblin
             ... wielding a +0 club
              (1 damage)
             ... on level 1 of the Dungeon.
             The game lasted 00:00:23 (163 turns).

Homeless the Trooper (Mummy Monk)                    Turns: 163, Time: 00:00:23

Health: 0/18       AC:  0    Str: 14    XL:     1   Next: 33%
Magic:  1/1        EV: 12    Int:  9    God:
Gold:   45         SH:  0    Dex: 14    Spells: 0/0 levels left

rFire   x . .      SeeInvis .     - Unarmed
rCold   + . .      Faith    .   (no shield)
rNeg    + + +      Spirit   .   (no body armour)
rPois   ∞          Reflect  .   (no helmet)
rElec   .          Harm     .   (no cloak)
rCorr   .          Rampage  .   (no gloves)
Will    .....                   (no boots)
Stlth   ++........              (no amulet)
HPRegen 0.06/turn               (no ring)
MPRegen 0.07/turn               (no ring)

@: no status effects
A: cold resistance 1, negative energy resistance 3, torment resistance 2, heat
vulnerability 1, no potions
a: no special abilities


You were on level 1 of the Dungeon.
You visited 1 branch of the dungeon, and saw 1 of its levels.

You collected 45 gold pieces.

You aren't carrying anything.


   Skills:
 - Level 3.0 Fighting
 - Level 2.4 Dodging
 - Level 1.5 Stealth
 * Level 2.6 Unarmed Combat


You couldn't memorise any spells.
You didn't know any spells.
Your spell library was empty.

Dungeon Overview and Level Annotations

Branches:
Dungeon (1/15)

Altars:


Innate Abilities, Weirdness & Mutations

You are immune to poison.
Your flesh is cold resistant. (rC+)
You are immune to negative energy. (rN+++)
You are immune to unholy pain and torment.
You are vulnerable to heat. (rF-)
You do not drink.


Message History

Found 7 stones.
Found a metallic blue potion.
The helpless rat fails to defend itself.
You hit the rat but do no damage. The rat completely misses you.
You hit the rat.
You kill the rat!
No target in view!
No target in view!
You now have 32 gold pieces (gained 9).
You now have 45 gold pieces (gained 13).
A frilled lizard comes into view.
Found 4 stones.
A frilled lizard is nearby!
A goblin comes into view. It is wielding a +0 club.
The goblin shouts!
The frilled lizard hisses angrily.
The goblin hits you with a +0 club. The frilled lizard closely misses you.
You barely miss the frilled lizard. The goblin hits you with a +0 club.
The frilled lizard barely misses you.
You barely miss the frilled lizard. The goblin hits you with a +0 club.
The frilled lizard misses you.
You are too injured to fight recklessly!
You are too injured to fight recklessly!
You are too injured to fight recklessly!
You are too injured to fight recklessly!
You are too injured to fight recklessly!
You are too injured to fight recklessly!
You hit the goblin.
The goblin is severely wounded.
The goblin hits you with a +0 club. The frilled lizard bites you.
You closely miss the goblin.
The goblin is severely wounded.
The goblin barely misses you. The frilled lizard barely misses you.
You completely miss the frilled lizard. The goblin hits you with a +0 club.
* * * LOW HITPOINT WARNING * * *
The frilled lizard barely misses you.
You barely miss the goblin.
The goblin is severely wounded.
The goblin hits you with a +0 club.
You die...

##########
#########
#........#
#.......#
#........#
#.......#
#.<......#
#......(#
#........#
#..lg...#
#........#
#...@...#
#####'####
#.......+
#####.#####
#.......#
..........#
#.......##
.8..≈≈≈≈..#
#...........
..........#
#.########..
#########.###.#
.
#.......).....#
#.####.####.#.#


You could see a goblin and a frilled lizard.

Vanquished Creatures
  A goblin (D:1)
  A frilled lizard (D:1)
  A rat (D:1)
3 creatures vanquished.

Notes
Turn   | Place    | Note
-------+----------+-------------------------------------------
     0 | D:1      | Homeless the Mummy Monk began the quest for the Orb.
     0 | D:1      | Reached XP level 1. HP: 18/18 MP: 1/1
   163 | D:1      | Slain by a goblin

Illustrated notes

Levels and vault maps discovered:
D:1:      dpeg_arrival_rooms_c, layout_basic, serial_shops, shop,
          dreamdust_ecumenical_altar_hidden_monk_grotto

Action                   || total
-------------------------++-------
Melee: Unarmed           ||    15
 Stab: Sleeping          ||     1
Dodge: Dodged            ||     9
